 Dungeon Crawl Stone Soup version 0.29-a0-857-g9b1aa3ac5b (webtiles) character file.

Game seed: 6871109255711040918

95 kevlar127 the Ruffian (level 4, -4/67 HPs)
             Began as a Troll Berserker on July 16, 2022.
             Was a Believer of Trog.
             Slain by a gnoll
             ... wielding a +0 whip
              (6 damage)
             ... on level 3 of the Dungeon.
             The game lasted 00:02:38 (2033 turns).

kevlar127 the Ruffian (Troll Berserker)             Turns: 2033, Time: 00:02:39

Health: -4/67      AC:  4    Str: 27    XL:     4   Next: 40%
Magic:  3/3        EV: 10    Int:  5    God:    Trog [**....]
Gold:   126        SH:  0    Dex:  9    Spells: 3/3 levels left

rFire   . . .      SeeInvis .     - Unarmed
rCold   x . .      Faith    .   (no shield)
rNeg    . . .      Spirit   .   a - +0 animal skin
rPois   +          Reflect  .   (helmet restricted)
rElec   .          Harm     .   (no cloak)
rCorr   .          Rampage  .   (gloves unavailable)
Will    .....                   (boots unavailable)
Stlth   ..........              (no amulet)
HPRegen 1.01/turn               i - ring "Vumiy" {Wiz rPois rC- Int+2}
MPRegen 0.08/turn               (no ring)

@: berserking, lethally poisoned (-4 -> -6), very quick
A: large, unfitting armour, claws 3, regeneration 1, shaggy fur 1, tough skin 1
a: Renounce Religion, Berserk, Trog's Hand


You were on level 3 of the Dungeon.
You worshipped Trog.
Trog was pleased with you.
You visited 1 branch of the dungeon, and saw 3 of its levels.

You collected 126 gold pieces.

Inventory:

Missiles
 b - 3 large rocks (quivered)
 d - 30 stones
 m - 6 poisoned darts
Armour
 a - a +0 animal skin (worn)
Jewellery
 i - the ring "Vumiy" (left claw) {Wiz rPois rC- Int+2}
   (You found it on level 2 of the Dungeon)

   [ring of wizardry]

   It improves your spell success rate.
   Int:       It affects your intelligence (+2).
   rC:        It makes you vulnerable to cold.
   rPois:     It protects you from poison.
Scrolls
 g - 3 scrolls of fear {unknown}
 h - a scroll of poison {unknown}
 k - 2 scrolls of identify {unknown}
 l - 2 scrolls of teleportation {unknown}
 n - a scroll of immolation {unknown}
 o - a scroll of fog {unknown}
Potions
 c - 2 potions of resistance {unknown}
 e - a potion of flight {unknown}
 f - a potion of berserk rage {unknown}
 j - a potion of attraction {unknown}


   Skills:
 + Level 3.5 Fighting
 - Level 2.4 Dodging
 + Level 4.2 Unarmed Combat


You had 3 spell levels left.
You didn't know any spells.
Your spell library was empty.

Dungeon Overview and Level Annotations

Branches:
Dungeon (3/15)

Altars:

Annotations:
D:3 1 runed translucent door, Tollund's ghost, amateur OpTm


Innate Abilities, Weirdness & Mutations

You are too large for most types of armour.
You have claws for hands.
Your natural rate of healing is unusually fast.
You are covered in fur. (AC +1)
You have tough skin. (AC +1)


Message History

No target in view!
No target in view! 2 gnolls come into view.
A gnoll is wielding a +2 spear of venom.
The gnoll shouts! x2
There are monsters nearby!
There are monsters nearby!
There are monsters nearby!
There are monsters nearby!
A gnoll comes into view. It is wielding a +0 whip.
Found 14 gold pieces.
The gnoll shouts!
A gnoll comes into view. It is wielding a +0 halberd.
The gnoll hits you with a +2 spear of venom!
You are poisoned.
The gnoll hits you with a +0 spear.
You claw the gnoll!
The gnoll is almost dead.
You feel very sick.
The gnoll hits you with a +2 spear of venom!
You claw the gnoll!
You kill the gnoll!
Trog accepts your kill.
You feel very sick. The gnoll hits you with a +0 spear.
The gnoll hits you from afar with a +0 halberd.
The gnoll closely misses you.
A red film seems to cover your vision as you go berserk!
You feel yourself moving faster!
You feel mighty!
You feel very sick. The gnoll hits you with a +0 spear!
* * * LOW HITPOINT WARNING * * *
The gnoll hits you from afar with a +0 halberd.
* * * LOW HITPOINT WARNING * * *
The gnoll barely misses you.
You barely miss the gnoll.
You feel sick. The gnoll barely misses you.
The gnoll hits you from afar with a +0 halberd.
* * * LOW HITPOINT WARNING * * *
The gnoll hits you with a +0 whip.
You die...

...................
........................
........................
........................
........................
........................
.....$..................
......g.................
......)@................
.....g.g................
....................[...
........................
........................
..$.....^........<...
....................
###################


You could see 3 gnolls.

Vanquished Creatures
  A gnoll (D:3)
  2 adders (D:2)
  A dart slug (D:1)
  A worm (D:2)
  4 orcs (D:3)
  2 bats
  6 endoplasms
  A giant cockroach (D:2)
  7 goblins
  5 hobgoblins
  5 jackals
  A quokka (D:2)
  8 ball pythons
  3 frilled lizards (D:2)
  5 kobolds
  2 rats
54 creatures vanquished.

Notes
Turn   | Place    | Note
-------+----------+-------------------------------------------
     0 | D:1      | kevlar127 the Troll Berserker began the quest for the Orb.
     0 | D:1      | Reached XP level 1. HP: 22/22 MP: 0/0
   331 | D:1      | Reached XP level 2. HP: 27/29 MP: 1/1
   596 | D:1      | Found a faded altar of an unknown god.
   876 | D:2      | Reached XP level 3. HP: 37/37 MP: 2/2
   942 | D:2      | Identified the ring "Vumiy" {Wiz rPois rC- Int+2}
   993 | D:2      | Reached ** piety under Trog
  1286 | D:2      | Reached skill level 4 in Unarmed Combat
  1675 | D:3      | Reached XP level 4. HP: 44/45 MP: 3/3
  1776 | D:3      | Found a runed translucent door.
  1776 | D:3      | Noticed Tollund's ghost (amateur OpTm)
  2033 | D:3      | HP: 2/67 [gnoll/+0 halberd (3)]
  2033 | D:3      | Slain by a gnoll

Illustrated notes

Levels and vault maps discovered:
D:1:      minmay_arrival_diagonal_passages, layout_loops_ring,
          hellmonk_ecumenical_altar_heavens_door
D:2:      layout_loops_cross, minivault_4
D:3:      minmay_inner_zag, layout_basic, gammafunk_ghost_grave

Skill      XL: |  1  2  3 |
---------------+----------+-----
Fighting       | 3 |  3.5
Unarmed Combat | 4 |  4.2
Dodging        | |  2.4

Action                   |  1- 3 |  4- 6 || total
-------------------------+-------+-------++-------
Melee: Unarmed           |    91 |    36 ||   127
       Punch             |     1 |       ||     1
Invok: Berserk           |       |     2 ||     2
 Stab: Sleeping          |       |     1 ||     1
Armor: Animal skin       |    22 |     9 ||    31
Dodge: Dodged            |    31 |    27 ||    58

Table legend: (Time is in decaauts)
 A = Elapsed time spent in this place.
 B = Non-inter-level travel time spent in this place.
 C = Inter-level travel time spent in this place.
 D = Time resting spent in this place.
 E = Time spent auto-exploring this place.
 F = Levels seen in this place.
 G = Mean time per level.
                   A        B        C        D        E       F      G
               +--------+--------+--------+--------+--------+-----+--------+
         Total |   2027 |   1958 |     69 |    214 |   1445 |   3 |  675.7 |
       Dungeon |   2027 |   1958 |     69 |    214 |   1445 |   3 |  675.7 |
               +--------+--------+--------+--------+--------+-----+--------+

Top non-repeatable levels by time:
     D:1: 843 daAuts
     D:2: 644 daAuts
     D:3: 539 daAuts
